 Dungeon Crawl Stone Soup version 0.16-a0-3105-gd90c058 (webtiles) character file.

1545 Chiseanne the Skirmisher (level 8, -6/64 HPs)
             Began as a Demonspawn Wanderer on Dec 12, 2014.
             Was a Believer of Dithmenos.
             Mangled by an orc warrior
             ... wielding a +0 mace
              (20 damage)
             ... on level 6 of the Dungeon.
             The game lasted 00:21:48 (5668 turns).

Chiseanne the Skirmisher (Demonspawn Wanderer)      Turns: 5668, Time: 00:21:49

Health: -6/64      AC: 12    Str: 14    XL:     8   Next: 56%
Magic:  13/13      EV: 15    Int: 12    God:    Dithmenos [**....]
Gold:   46         SH:  0    Dex: 14    Spells: 2 memorised, 8 levels left

rFire  + . .     SeeInvis .     a - +3 quarterstaff
rCold  + . .     Clarity  .     G - +0 leather armour {rC+}
rNeg   . . .     SustAb   .     (no shield)
rPois  .         Gourm    .     (no helmet)
rElec  .         Spirit   .     (no cloak)
rCorr  .         Warding  .     (no gloves)
rMut   .         Stasis   .     (no boots)
MR     .....                    (no amulet)
Stlth  ++++......               w - +2 ring of protection
                                h - +3 ring of protection

@: slowed, wreathed by umbra, very slow, not resistant to hostile enchantments,
stealthy
A: rough black scales 1, fire resistance 1, nightstalker 1, spiny 1
a: Shadow Step, Renounce Religion


You were on level 6 of the Dungeon.
You worshipped Dithmenos.
Dithmenos was pleased with you.
You were hungry.

You visited 1 branch of the dungeon, and saw 6 of its levels.

You collected 262 gold pieces.
You spent 216 gold pieces at shops.

Inventory:

Hand weapons
 a - a +3 quarterstaff (weapon)
Missiles
 b - 7 tomahawks
 e - 37 bolts
 g - 123 arrows
 j - 9 sling bullets of frost
 p - 32 sling bullets
 q - 12 steel bolts
 u - 23 stones (quivered)
 v - 2 throwing nets
Armour
 G - a +0 leather armour of cold resistance (worn)
Jewellery
 h - a +3 ring of protection (left hand)
 w - a +2 ring of protection (right hand)
Magical devices
 r - a wand of digging (0)
 E - a wand of paralysis (5)
Scrolls
 c - a scroll of teleportation
 o - a scroll of fog
 s - 4 scrolls of fear
 t - a scroll of magic mapping
 x - a scroll of remove curse
Potions
 f - 3 potions of cancellation
 l - a potion of restore abilities
 m - a potion of brilliance
 n - a potion of poison {unknown}
 z - 2 potions of curing
 A - a potion of berserk rage {unknown}
 C - a potion of magic {unknown}
 D - a potion of ambrosia {unknown}
Books
 y - a book of Maledictions

   Spells                             Type                      Level
   a - Corona                         Hexes                        1
   b - Sure Blade                     Hexes/Charms                 2
   c - Ensorcelled Hibernation        Hexes/Ice                    2
   d - Confuse                        Hexes                        3
   e - Dazzling Spray                 Conjuration/Hexes            3
   f - Enslavement                    Hexes                        4
Comestibles
 d - 6 bread rations
 i - 4 slices of pizza
 k - a royal jelly
 F - 3 fruits


   Skills:
 - Level 6.2 Fighting
 - Level 1.0 Staves
 - Level 1.0 Throwing
 - Level 4.5 Armour
 * Level 6.1 Dodging
 * Level 3.7 Stealth
 * Level 2.1 Spellcasting
 * Level 1.4 Hexes
 - Level 1.0 Evocations


You had 8 spell levels left.
You knew the following spells:

 Your Spells              Type           Power        Failure   Level  Hunger
a - Corona                Hex            #......      17%         1    ##.....
b - Ensorcelled Hibernat  Hex/Ice        #.....       34%         2    ###....


Dungeon Overview and Level Annotations

Branches:
Dungeon (6/15)
 Temple: D:4-7

Altars:
Dithmenos
Fedhas
Makhleb
Qazlal
Xom
The Shining One

Shops:
D:4 ([*%:   D:5 =:!


Innate Abilities, Weirdness & Mutations

You are partially covered in rough black scales (AC +4, Dex -1).
You are slightly more attuned to the shadows.
You are partially covered in sharp spines.
Your flesh is heat resistant.


Message History

The orc warrior misses you. The orc warrior hits you with a mace.
* * * LOW HITPOINT WARNING * * *
A puff of flame appears from out of thin air!
The puff of flame misses the orc warrior.
The puff of flame misses you.
There is a stone staircase leading down here.
You hit the orc warrior but do no damage.
The orc warrior is moderately wounded.
The orc warrior hits you but does no damage.
The orc priest shouts!
The orc warrior hits you but does no damage.
You are feeling hungry.
The orc warrior completely misses you.
You see here a rat corpse.
The puff of flame hits you! You resist.
* * * LOW HITPOINT WARNING * * *
There is an escape hatch in the ceiling here.
The orc warrior hits you with a mace!!
You die...

##..# #.# # #..# ##...
.# #..#####..o..#
..###.........{..## #
..........#####...#..
.##.###.#.>.###.....
#.###.###...#..######
###..##.#
###o.o........
......#.######.o@######
#####...............#
#.####.####..##....
...............# ##.
###..###.######.# ##.#
#.## .# .. #.[#####.###
# ##..<.......
#.........##.##


You could see an orc warrior, an orc priest, an orc wizard and an orc.

Vanquished Creatures
  Grinder (D:5)
  Eustachio (D:4)
  Menkaure (D:5)
  A sky beast (D:5)
  A necrophage (D:5)
  A phantom (D:4)
  An ogre (D:4)
  Sigmund (D:2)
  Blork the orc (D:4)
  A scorpion (D:5)
  A crimson imp (D:5)
  2 hounds (D:4)
  2 orc priests (D:5)
  3 orc wizards
  Jessica (D:2)
  7 gnolls (D:5)
  7 adders
  A giant mite (D:4)
  A shadow imp (D:6)
  4 worms
  An ufetubus (D:4)
  An adder skeleton (D:5)
  7 giant geckos
  32 orcs
  2 giant cockroaches (D:1)
  10 hobgoblins
  4 jackals (D:5)
  6 kobolds
  2 quokkas
  2 ball pythons
  8 bats
  6 giant newts
  10 goblins
  13 rats
143 creatures vanquished.

Notes
Turn   | Place    | Note
--------------------------------------------------------------
     0 | D:1      | Chiseanne, the Demonspawn Wanderer, began the quest for the Orb.
     0 | D:1      | Chiseanne set off with: a +2 quarterstaff, a +0 ring mail, a potion of lignification, a bread ration
     0 | D:1      | Reached XP level 1. HP: 19/19 MP: 1/1
   378 | D:1      | Gained mutation: You are partially covered in rough black scales (AC +4, Dex -1). [demonic ancestry]
   378 | D:1      | Reached XP level 2. HP: 21/25 MP: 2/2
  1106 | D:2      | Found a shimmering altar of Xom.
  1224 | D:2      | Reached skill level 1 in Dodging
  1224 | D:2      | Gained mutation: You are slightly more attuned to the shadows. [demonic ancestry]
  1224 | D:2      | Reached XP level 3. HP: 19/32 MP: 3/3
  1497 | D:2      | Noticed Jessica
  1506 | D:2      | Killed Jessica
  1506 | D:2      | Reached skill level 5 in Fighting
  1567 | D:2      | Noticed Sigmund
  1588 | D:2      | Killed Sigmund
  1588 | D:2      | Reached XP level 4. HP: 34/39 MP: 4/4
  1686 | D:2      | Gained mutation: You are partially covered in sharp spines. [demonic ancestry]
  1686 | D:2      | Reached XP level 5. HP: 40/44 MP: 5/5
  1726 | D:2      | Found a shadowy altar of Dithmenos.
  1735 | D:2      | Became a worshipper of Dithmenos the Shadowed
  2916 | D:4      | Reached XP level 6. HP: 46/52 MP: 7/7
  2940 | D:4      | Noticed a phantom
  2993 | D:4      | Killed a phantom
  3006 | D:4      | Found Jogaodej's Antique Weapon Shop.
  3063 | D:4      | Noticed an ogre
  3080 | D:4      | Killed an ogre
  3099 | D:4      | Reached skill level 6 in Fighting
  3147 | D:4      | Found Efosoc's Food Boutique.
  3156 | D:4      | Found Koxiu's Assorted Antiques.
  3171 | D:4      | Noticed Blork the orc
  3172 | D:4      | Reached XP level 7. HP: 58/58 MP: 8/8
  3235 | D:4      | Killed Blork the orc
  3509 | D:4      | Bought a scroll labeled CLISUB IBLO for 20 gold pieces
  3509 | D:4      | Bought a scroll of identify for 40 gold pieces
  3509 | D:4      | Bought a dark potion for 18 gold pieces
  3509 | D:4      | Bought a scroll labeled IZUNEN OCWIU for 20 gold pieces
  3509 | D:4      | Bought a scroll labeled GRUSTI RUGAMN for 20 gold pieces
  3544 | D:4      | Found Otong's Armour Shop.
  3583 | D:4      | Noticed Eustachio
  3627 | D:4      | Killed Eustachio
  3685 | D:4      | Found a blossoming altar of Fedhas.
  3694 | D:4      | Found a stormy altar of Qazlal.
  3779 | D:4      | Found Shusin's Book Emporium.
  3793 | D:4      | Gained mutation: Your flesh is heat resistant. [potion of beneficial mutation]
  3879 | D:4      | Learned a level 1 spell: Corona
  4009 | D:5      | Entered Level 5 of the Dungeon
  4050 | D:5      | Found a burning altar of Makhleb.
  4123 | D:5      | Noticed Menkaure
  4129 | D:5      | Acquired Dithmenos' first power
  4135 | D:5      | Killed Menkaure
  4135 | D:5      | Reached skill level 1 in Spellcasting
  4272 | D:5      | Reached XP level 8. HP: 20/64 MP: 11/11
  4616 | D:5      | Found a glowing golden altar of the Shining One.
  4616 | D:5      | Noticed Grinder
  4621 | D:5      | Paralysed by Grinder for 7 turns
  4928 | D:5      | Found Brothigeo's Book Shop.
  4987 | D:5      | Found Dylol's Distillery.
  4991 | D:5      | Bought a potion of curing for 42 gold pieces
  4991 | D:5      | Bought a potion of might for 56 gold pieces
  5096 | D:5      | Reached skill level 5 in Dodging
  5112 | D:5      | Found Uniemiag's Jewellery Shoppe.
  5152 | D:5      | Reached skill level 1 in Hexes
  5333 | D:5      | Paralysed by Grinder for 7 turns
  5342 | D:5      | Killed Grinder
  5348 | D:5      | Learned a level 2 spell: Ensorcelled Hibernation
  5668 | D:6      | Mangled by an orc warrior

Action                   |  1- 3 |  4- 6 |  7- 9 || total
-------------------------+-------+-------+-------++-------
Melee: Quarterstaff      |    99 |   179 |   247 ||   525
Evoke: Wand              |       |       |     4 ||     4
  Use: Scroll            |     4 |     7 |     7 ||    18
       Potion            |     2 |       |     7 ||     9
 Stab: Sleeping          |       |     4 |     4 ||     8
       Invisible         |       |       |     3 ||     3
  Eat: Chunk             |     1 |     7 |     8 ||    16
